 Dungeon Crawl Stone Soup version 0.28-a0-1348-g050f3537b9 (webtiles) character file.

Game seed: 18320062071344442830

2453 rickarolla the Grappler (level 9, -12/75 HPs)
             Began as a Ghoul Fighter on Dec 30, 2021.
             Mangled by an orc warrior (15 damage)
             ... on level 7 of the Dungeon.
             The game lasted 00:18:38 (7014 turns).

rickarolla the Grappler (Ghoul Fighter)             Turns: 7014, Time: 00:18:39

Health: -12/75     AC: 14    Str: 24    XL:     9   Next: 50%
Magic:  8/8        EV:  8    Int:  3    God:
Gold:   242        SH:  4    Dex:  8    Spells: 8/8 levels left

rFire   . . .      SeeInvis .     - Unarmed
rCold   + . .      Faith    .   b - +0 buckler
rNeg    + + +      Spirit   .   o - +2 chain mail {rN+}
rPois   ∞          Reflect  .   (no helmet)
rElec   .          Harm     .   e - +1 cloak
rCorr   .          Rampage  .   (no gloves)
Will    .....                   (no boots)
Stlth   ..........              (no amulet)
HPRegen 0.00/turn               (no ring)
MPRegen 0.11/turn               (no ring)

@: about to teleport, inhibited regen
A: claws 1, cold resistance 1, negative energy resistance 3, inhibited
regeneration, torment resistance 2
a: no special abilities


You were on level 7 of the Dungeon.
You visited 1 branch of the dungeon, and saw 7 of its levels.

You collected 290 gold pieces.
You spent 48 gold pieces at shops.

Inventory:

Missiles
 h - a throwing net (quivered)
Armour
 b - a +0 buckler (worn)
 e - a +1 cloak (worn)
 o - a +2 chain mail of positive energy (worn)
Wands
 a - a wand of mindburst (9)
 j - a wand of iceblast (9)
 k - a wand of digging (1)
Scrolls
 i - a scroll of teleportation
 l - 2 scrolls of amnesia
 p - 2 scrolls of blinking
Potions
 c - a potion of flight
 d - a potion of resistance {unknown}
 f - a potion of curing
 g - a potion of cancellation
 n - a potion of magic {unknown}
 q - a potion of brilliance {unknown}
 r - a potion of heal wounds


   Skills:
 * Level 5.7 Fighting
 * Level 6.5 Armour
 + Level 2.1 Dodging
 + Level 3.7 Shields
 * Level 10.0 Unarmed Combat


You had 8 spell levels left.
You didn't know any spells.
Your spell library contained the following spells:

 Spells                   Type           Power      Damage    Failure   Level
 Pain                     Necr           0%         1d4       99%         1
 Shock                    Conj/Air       0%         1d3       99%         1
 Ensorcelled Hibernation  Hex/Ice        0%         N/A       99%         2
 Gell's Gravitas          Tloc           0%         N/A       100%        3
 Inner Flame              Hex/Fire       0%         N/A       100%        3
 Lesser Beckoning         Tloc           0%         N/A       100%        3
 Swiftness                Air            0%         N/A       100%        3
 Teleport Other           Tloc           0%         N/A       100%        3
 Airstrike                Air            0%         N/A       100%        4
 Cause Fear               Hex            0%         N/A       100%        4
 Agony                    Necr           0%         N/A       100%        5
 Excruciating Wounds      Necr           0%         N/A       100%        5
 Discord                  Hex            0%         N/A       100%        8
 Spider Form              Tmut/Pois      Unusable   N/A       N/A         3

Dungeon Overview and Level Annotations

Branches:
Dungeon (7/15)             Temple (0/1) D:5

Altars:
Cheibriados
Elyvilon
Sif Muna
Vehumet
Xom

Shops:
D:4 (   D:6 **

Annotations:
D:6 1 runed translucent door


Innate Abilities, Weirdness & Mutations

You thrive by killing the living.
You are immune to poison.
You have sharp fingernails.
Your flesh is cold resistant. (rC+)
You are immune to negative energy. (rN+++)
You do not regenerate when monsters are visible.
You are immune to unholy pain and torment.


Message History

The orc warrior is lightly wounded.
The orc hits you but does no damage.
The orc warrior hits you with a +0 glaive!
You closely miss the orc warrior.
The orc warrior is lightly wounded.
You closely miss the orc warrior.
The orc warrior is lightly wounded.
The orc hits you but does no damage.
The orc warrior hits you with a +0 glaive!
You closely miss the orc warrior.
The orc warrior is lightly wounded.
You block the orc's attack.
The orc warrior hits you with a +0 glaive!
You are too injured to fight recklessly!
You are too injured to fight recklessly!
You are too injured to fight recklessly!
You are too injured to fight recklessly!
You are too injured to fight recklessly!
It was a potion of ambrosia.
You are confused.
You feel invigorated. The orc barely misses you.
The orc warrior hits you with a +0 glaive!
You claw the orc warrior!
The orc warrior is heavily wounded.
The orc hits you with a +0 hand axe.
The orc warrior hits you but does no damage.
The orc hits you but does no damage.
The orc warrior hits you with a +0 glaive!
The orc barely misses you.
The orc warrior hits you from afar with a +0 glaive!!
* * * LOW HITPOINT WARNING * * *
You closely miss the orc.
You feel less invigorated.
You feel less confused.
The orc warrior hits you but does no damage.
As you read the scroll of teleportation, it crumbles to dust.
You feel strangely unstable. The orc hits you but does no damage.
The orc warrior hits you from afar with a +0 glaive!
* * * LOW HITPOINT WARNING * * *
The orc warrior hits you from afar with a +0 glaive!
You die...

.# .## ####..# #.....##
#......# #......##
#.......# #@?...#
#o[o..# #.....# .#
#.)...# .. ######.....#
.## #........### ..#
#........# #.#
#........#### #.#
#...........###.#####.#


You could see an orc warrior and an orc.

Vanquished Creatures
  Menkaure (D:6)
  Edmund (D:6)
  A water moccasin (D:6)
  Duvessa (D:5)
  A black bear (D:6)
  3 ogres
  A phantom (D:6)
  A bullfrog (D:6)
  2 wyvern zombies
  10 scorpions
  2 water moccasin skeletons
  Dowan (D:5)
  A gnoll shaman (D:5)
  4 hounds (D:5)
  An orc priest (D:6)
  A centaur skeleton (D:6)
  Jessica (D:2)
  Ijyb (D:4)
  3 iguanas
  3 orc wizards
  9 gnolls
  7 adders
  2 white imps (D:5)
  An ufetubus (D:6)
  2 worms
  2 dart slugs (D:1)
  14 orcs
  10 ball pythons
  9 endoplasms
  8 giant cockroaches
  4 goblins
  9 hobgoblins
  3 jackals (D:1)
  3 quokkas
  3 bats
  8 kobolds
  3 rats
137 creatures vanquished.

Vanquished Creatures (others)
  2 plants (D:5)
2 creatures vanquished.

Grand Total: 139 creatures vanquished

Notes
Turn   | Place    | Note
-------+----------+-------------------------------------------
     0 | D:1      | rickarolla the Ghoul Fighter began the quest for the Orb.
     0 | D:1      | Reached XP level 1. HP: 19/19 MP: 0/0
   103 | D:1      | Reached XP level 2. HP: 26/26 MP: 1/1
   226 | D:1      | Reached XP level 3. HP: 31/31 MP: 2/2
   258 | D:1      | Found a faded altar of an unknown god.
   524 | D:1      | Reached skill level 3 in Unarmed Combat
   745 | D:2      | Noticed Jessica
   750 | D:2      | Killed Jessica
   751 | D:2      | Reached XP level 4. HP: 40/40 MP: 3/3
  2018 | D:3      | Found a shimmering altar of Xom.
  2073 | D:3      | Reached XP level 5. HP: 42/46 MP: 4/4
  2077 | D:3      | Reached skill level 4 in Unarmed Combat
  2658 | D:4      | Noticed an ogre
  2658 | D:4      | Found Quulou's Antique Weapon Shoppe.
  2668 | D:4      | Killed an ogre
  2669 | D:4      | Reached XP level 6. HP: 24/52 MP: 5/5
  2673 | D:4      | Reached skill level 5 in Unarmed Combat
  2937 | D:4      | Noticed Ijyb
  2952 | D:4      | Killed Ijyb
  3123 | D:4      | Got the Papyrus of Sinister Magic
  3274 | D:4      | Found a shimmering blue altar of Sif Muna.
  3392 | D:4      | Identified the +4 lajatang of Ynubamet {vorpal, rPois rC++
                  | rN+}
  3855 | D:5      | Entered Level 5 of the Dungeon
  3859 | D:5      | Found a radiant altar of Vehumet.
  3861 | D:5      | Found a snail-covered altar of Cheibriados.
  3880 | D:5      | Found a staircase to the Ecumenical Temple.
  3988 | D:5      | Reached XP level 7. HP: 60/60 MP: 6/6
  3999 | D:5      | Reached skill level 1 in Dodging
  4008 | D:5      | Reached skill level 6 in Unarmed Combat
  4484 | D:5      | Noticed Duvessa
  4485 | D:5      | Noticed Dowan
  4495 | D:5      | Killed Duvessa
  4512 | D:5      | Killed Dowan
  4513 | D:5      | Reached skill level 7 in Unarmed Combat
  4813 | D:5      | Reached XP level 8. HP: 67/67 MP: 7/7
  5252 | D:6      | Reached skill level 5 in Armour
  5537 | D:6      | Reached skill level 5 in Fighting
  5549 | D:6      | Reached skill level 8 in Unarmed Combat
  5642 | D:6      | Noticed Edmund
  5665 | D:6      | Killed Edmund
  5961 | D:6      | Noticed Menkaure
  5967 | D:6      | Killed Menkaure
  5968 | D:6      | Reached XP level 9. HP: 61/74 MP: 8/8
  6046 | D:6      | Found Woka's Serpentskin Sales.
  6061 | D:6      | Reached skill level 9 in Unarmed Combat
  6066 | D:6      | shop ring 600g
  6172 | D:6      | Found a runed translucent door.
  6174 | D:6      | Found a runed translucent door.
  6558 | D:6      | Found Luatiss's Assorted Antiques.
  6567 | D:6      | Bought a scroll of identify for 48 gold pieces
  6760 | D:7      | Reached skill level 10 in Unarmed Combat
  7013 | D:7      | HP: 3/75 [orc warrior (14)]
  7014 | D:7      | Mangled by an orc warrior

Illustrated notes

### ##.## #######
..###.#.###......#
#.##.###..).##....
...##.#.).).......
.......#.#####.#.#
...###.#<# # #.##
#....# #####
#.......#.#
###...#
######....#
#.†.@.+
##.######†#...#
...####...#####
##.........##
####.......####
#...........
###.......###
..#......##
#.#.#...##


Turn 6066 on D:6: shop ring 600g

Levels and vault maps discovered:
D:1:      tarquinn_simple_flora_water_e, layout_basic,
          hellmonk_ecumenical_altar_pennies_from_heaven, grunt_decor_clamped,
          kennysheep_nondescript
D:2:      layout_basic, uniq_jessica
D:3:      layout_basic, xom_teletrap_fun
D:4:      layout_layer_cave, lemuel_blue_sif_altar, serial_shops, shop,
          uniq_ijyb
D:5:      layout_basic, grunt_temple_overflow_open, minmay_temple_entry_grid,
          serial_bayou, serial_bayou_shore_b, serial_bayou_pond_b,
          serial_bayou_pond_b, serial_bayou_ford_a, serial_bayou_pond_d,
          uniq_duvessa
D:6:      lemuel_insect_pit, layout_loops_ring, lemuel_round_altar,
          serial_shops, nicolae_shop_temple_entry_statues_fountains,
          columned_hall_lemuel, guppyfry_shop_venom, uniq_edmund, uniq_menkaure
D:7:      layout_basic

Skill      XL: |  1  2  3  4  5  6  7  8  9 |
---------------+----------------------------+-----
Shields        | 3 |  3.7
Unarmed Combat | 3 4 5 7 8 10 | 10.0
Armour         | 3 4 6 |  6.5
Fighting       | 4 5 |  5.7
Dodging        | 1 2 |  2.1

Action                   |  1- 3 |  4- 6 |  7- 9 || total
-------------------------+-------+-------+-------++-------
Melee: Unarmed           |    89 |   194 |   326 ||   609
  Use: Scroll            |     2 |     4 |     4 ||    10
       Potion            |     1 |     1 |     2 ||     4
Armor: Scale mail        |    44 |    60 |    59 ||   163
       Chain mail        |       |       |    97 ||    97
Dodge: Dodged            |    33 |    90 |   137 ||   260
Block: Buckler           |    13 |    38 |    61 ||   112

Table legend: (Time is in decaauts)
 A = Elapsed time spent in this place.
 B = Non-inter-level travel time spent in this place.
 C = Inter-level travel time spent in this place.
 D = Time resting spent in this place.
 E = Time spent auto-exploring this place.
 F = Levels seen in this place.
 G = Mean time per level.
                   A        B        C        D        E       F      G
               +--------+--------+--------+--------+--------+-----+--------+
         Total |   6969 |   6848 |    121 |    279 |   5516 |   7 |  995.6 |
       Dungeon |   6969 |   6848 |    121 |    279 |   5516 |   7 |  995.6 |
               +--------+--------+--------+--------+--------+-----+--------+

Top non-repeatable levels by time:
     D:4: 1510 daAuts
     D:6: 1466 daAuts
     D:5: 1055 daAuts
     D:2: 993 daAuts
     D:3: 960 daAuts
     D:1: 697 daAuts
     D:7: 285 daAuts
